 Dungeon Crawl Stone Soup version 0.18-a0-596-g6468885 (webtiles) character file.

214 benitares the Ruffian (level 5, 0/50 HPs)
             Began as a Troll Monk on Dec 3, 2015.
             Slain by an orc
             ... wielding a +0 morningstar
              (3 damage)
             ... on level 3 of the Dungeon.
             The game lasted 00:03:43 (2269 turns).

benitares the Ruffian (Troll Monk)                  Turns: 2269, Time: 00:03:43

Health: 0/50       AC:  5    Str: 19    XL:     5   Next: 60%
Magic:  3/3        EV: 10    Int:  6    God:
Gold:   206        SH:  0    Dex: 13    Spells: 0 memorised, 4 levels left

rFire  x . .     SeeInvis .       - Unarmed
rCold  + . .     Clarity  .     a - +0 robe
rNeg   . . .     SustAt   .     (no shield)
rPois  .         Gourm    +     (helmet restricted)
rElec  .         Spirit   .     (no cloak)
rCorr  .         Dismiss  .     (gloves unavailable)
rMut   .         Stasis   .     (boots unavailable)
MR     .....                    (no amulet)
Stlth  +.........               f - ring of ice
                                (no ring)

@: not resistant to hostile enchantments, very unstealthy
A: unfitting armour, claws 3, talons 1, fast metabolism 3, gourmand, low mp 1,
regeneration 2, shaggy fur 1, tough skin 2, no device heal 1
a: no special abilities


You were on level 3 of the Dungeon.
You were not hungry.

You visited 1 branch of the dungeon, and saw 3 of its levels.

You collected 206 gold pieces.

Inventory:

Armour
 a - a +0 robe (worn)
Jewellery
 f - a ring of ice (right claw)
Scrolls
 j - 2 scrolls of identify
 k - 2 scrolls of teleportation
 l - a scroll of recharging {unknown}
 p - a scroll of enchant armour {unknown}
Potions
 c - a potion of curing {unknown}
 d - 2 potions of flight
 e - a potion of cure mutation {unknown}
 h - a potion of lignification {unknown}
 n - a potion of resistance {unknown}
 o - a potion of might {unknown}
Comestibles
 b - 4 bread rations
 m - 2 meat rations


   Skills:
 - Level 2.4 Fighting
 - Level 2.4 Dodging
 - Level 1.1 Stealth
 + Level 6.9 Unarmed Combat


You had 4 spell levels left.
You didn't know any spells.

Dungeon Overview and Level Annotations

Branches:
Dungeon (3/15)

Altars:
Cheibriados
Ru


Innate Abilities, Weirdness & Mutations

You are too large for most types of armour.
You have claws for hands.
Your metabolism is lightning-fast.
You like to eat raw meat.
You heal very quickly.
You are covered in fur (AC +1).
You have very tough skin (AC +2).
You have sharp toenails.
Your magical capacity is low (-10% MP).
Potions and wands are less effective at restoring your health.


Message History

The orc priest miscasts a cantrip.
The orc barely misses you.
You closely miss the orc priest. Your kick misses the orc priest.
The orc priest barely misses you.
You scratch the orc priest but do no damage.
The orc priest hits you but does no damage.
You closely miss the orc priest.
You claw the orc priest, but do no damage.
The orc hits you with a morningstar.
* * * LOW HITPOINT WARNING * * *
You barely miss the orc priest. The orc priest barely misses you.
The orc hits you.
* * * LOW HITPOINT WARNING * * *
The orc hits you with a morningstar.
* * * LOW HITPOINT WARNING * * *
You scratch the orc priest but do no damage.
Your kick misses the orc priest. The orc hits you.
* * * LOW HITPOINT WARNING * * *
The orc priest closely misses you. The orc hits you with a morningstar.
You die...

.......###O###.###.#
......#.#.#.#.#.# #.#
.......#.#.#.#.#.# #.#
......############ ##
.)<..)# ......#########
#....##.......########.#
'...............ooo....#
#....##.........@o#
#....######.......#
#....# #.......# #....#
#.......# #..).#
#.......# #....#
#.......# #....#
#.......# #....#
#.......# ######
#.......#


You could see an orc priest and 3 orcs.

Vanquished Creatures
  An ogre (D:3)
  An orc wizard (D:3)
  A worker ant (D:3)
  2 oozes (D:1)
  3 worms (D:2)
  5 orcs (D:3)
  2 ball pythons
  5 bats
  3 giant cockroaches
  10 goblins
  10 hobgoblins
  8 kobolds
  2 giant geckos (D:2)
  4 giant newts
  2 quokkas
  9 rats
68 creatures vanquished.

Notes
Turn   | Place    | Note
--------------------------------------------------------------
     0 | D:1      | benitares the Troll Monk began the quest for the Orb.
     0 | D:1      | Reached XP level 1. HP: 22/22 MP: 0/0
    60 | D:1      | Reached XP level 2. HP: 29/29 MP: 1/1
   326 | D:1      | Reached skill level 5 in Unarmed Combat
   331 | D:1      | Reached XP level 3. HP: 36/36 MP: 2/2
  1239 | D:3      | Reached XP level 4. HP: 41/44 MP: 3/3
  1665 | D:3      | Found a snail-covered altar of Cheibriados.
  1667 | D:3      | Found a sacrificial altar of Ru.
  1671 | D:3      | Reached skill level 6 in Unarmed Combat
  1854 | D:3      | Noticed an ogre
  2161 | D:2      | Gained mutation: Potions and wands are less effective at restoring your health. [potion of mutation]
  2161 | D:2      | Gained mutation: Your magical capacity is low (-10% MP). [potion of mutation]
  2161 | D:2      | Gained mutation: You have sharp toenails. [potion of mutation]
  2239 | D:3      | Killed an ogre
  2239 | D:3      | Reached XP level 5. HP: 50/50 MP: 3/3
  2269 | D:3      | Slain by an orc

Vault maps used:
D:1:      erik_arrival_gehennom
D:3:      grunt_temple_overflow_open, first_bread, roderic_roman_lattice

Action                   |  1- 3 |  4- 6 || total
-------------------------+-------+-------++-------
Melee: Unarmed           |    94 |    67 ||   161
  Use: Scroll            |     4 |     2 ||     6
       Potion            |       |     3 ||     3
 Stab: Sleeping          |     5 |     1 ||     6
  Eat: Chunk             |     8 |    12 ||    20
